 Dungeon Crawl Stone Soup version 0.23.2-1-ga50397a6bc (webtiles) character file.

Game seed: 10348368179317771711

1299 nosh the Shield-Bearer (level 8, -3/63 HPs)
             Began as a Formicid Fighter on May 21, 2019.
             Was an Initiate of Trog.
             Slain by a killer bee (8 damage)
             ... on level 9 of the Dungeon.
             The game lasted 00:22:35 (5380 turns).

nosh the Shield-Bearer (Formicid Fighter)           Turns: 5380, Time: 00:22:35

Health: -3/63      AC:  9    Str: 22    XL:     8   Next: 87%
Magic:  8/8        EV: 14    Int:  9    God:    Trog [......]
Gold:   281        SH: 13    Dex: 10    Spells: 7/7 levels left

rFire    . . .     SeeInvis +   a - +0 war axe
rCold    . . .     Gourm    .   c - +3 shield
rNeg     . . .     Faith    .   b - +0 scale mail
rPois    +         Spirit   .   (helmet unavailable)
rElec    .         Reflect  .   q - +0 cloak
rCorr    .         Harm     .   (no gloves)
MR       .....                  h - +0 pair of boots
Stlth    ..........             (no amulet)
HPRegen  0.20/turn              i - +4 ring of evasion
MPRegen  0.11/turn              k - ring of poison resistance

@: no status effects
A: permanent stasis, dig shafts and tunnels, four strong arms, antennae 3,
hooves 1, wild magic 1
a: Dig, Shaft Self, Renounce Religion


You were on level 9 of the Dungeon.
You worshipped Trog.
Trog was noncommittal.
You were not hungry.

You visited 1 branch of the dungeon, and saw 8 of its levels.

You collected 281 gold pieces.

Inventory:

Hand Weapons
 a - a +0 war axe (weapon)
 m - a +1 halberd of venom
 o - a +3 scimitar
 r - a +3 vampiric hand axe
Armour
 b - a +0 scale mail (worn)
 c - a +3 shield (worn)
 h - a +0 pair of boots (worn)
 l - a +0 ring mail
 q - a +0 cloak (worn)
Magical Staves
 p - an uncursed staff of fire {unknown}
Jewellery
 g - an uncursed amulet of harm
 i - a +4 ring of evasion (left hand)
 j - a +3 ring of intelligence
 k - a ring of poison resistance (right hand)
Scrolls
 d - 3 scrolls of remove curse
 s - a scroll of magic mapping
Potions
 e - 4 potions of mutation
 n - a potion of brilliance
Comestibles
 f - 10 rations


   Skills:
 + Level 5.6 Fighting
 + Level 6.3 Axes
 + Level 4.9 Armour
 + Level 2.7 Dodging
 + Level 0.3 Stealth
 + Level 7.0 Shields


You had 7 spell levels left.
You didn't know any spells.
Your spell library was empty.

Dungeon Overview and Level Annotations

Branches:
Dungeon (7/15)             Temple (0/1) D:6

Altars:
Ashenzari
Fedhas
Gozag
Trog
Uskayaw


Innate Abilities, Weirdness & Mutations

You cannot be hasted, slowed, berserked, paralysed or teleported.
You can dig through walls and to a lower floor.
Your four strong arms can wield two-handed weapons with a shield.
You have a pair of large antennae on your head. (SInv)
You have large cloven feet.
Your spells are a little harder to cast, but a little more powerful.


Message History

You hit the sky beast.
You kill the sky beast!
Trog accepts your kill.
Your Shields skill increases to level 7!
You closely miss the killer bee. You miss the killer bee.
You hit the killer bee. You closely miss the killer bee.
The killer bee barely misses you. The killer bee completely misses you.
The killer bee stings you.
* * * LOW HITPOINT WARNING * * *
You block the killer bee's attack. The killer bee closely misses you.
The killer bee barely misses you. x2; You block the killer bee's attack.
The killer bee closely misses you. You block the killer bee's attack.
Unknown command.
Okay, then.
A black bear comes into view.
The black bear growls angrily.
The killer bee barely misses you. x2; You block the killer bee's attack.
The killer bee stings you but does no damage.
The killer bee stings you!
You die...

..............h
................
................
................
.......(.........
........≈.........
.......$Y..........
...........@y.......
..........yyy.......
....................
.............###....
.............# ...
.............###....
...................
...................
..................[


You could see a black bear, an ice beast and 4 killer bees.

Vanquished Creatures
  An orc warrior (D:5)
  A sky beast (D:9)
  An ogre (D:5)
  A centaur (D:6)
  Blork the orc (D:6)
  A bullfrog (D:5)
  A scorpion (D:5)
  A crimson imp (D:3)
  A hound (D:5)
  3 orc wizards (D:5)
  3 orc priests (D:5)
  A centaur skeleton (D:5)
  Jessica (D:3)
  A bullfrog skeleton (D:5)
  6 worker ants
  5 gnolls
  6 adders
  3 shadow imps
  2 oozes
  An adder skeleton (D:4)
  2 worms
  4 dart slugs
  8 leopard geckos
  15 orcs
  7 giant cockroaches
  7 goblins (D:1)
  5 hobgoblins
  6 jackals (D:4)
  2 quokkas
  6 bats
  4 frilled lizards
  11 kobolds
  8 rats
126 creatures vanquished.

Vanquished Creatures (collateral kills)
  A scorpion (D:5)
1 creature vanquished.

Vanquished Creatures (others)
  A plant (D:3)
1 creature vanquished.

Grand Total: 128 creatures vanquished

Notes
Turn   | Place    | Note
-------+----------+-------------------------------------------
     0 | D:1      | nosh the Formicid Fighter began the quest for the Orb.
     0 | D:1      | Reached XP level 1. HP: 18/18 MP: 1/1
    92 | D:1      | Reached XP level 2. HP: 22/24 MP: 2/2
   486 | D:1      | Reached XP level 3. HP: 30/30 MP: 3/3
   662 | D:1      | Reached skill level 4 in Shields
   970 | D:1      | Reached XP level 4. HP: 16/37 MP: 4/4
  1302 | D:2      | Found a blossoming altar of Fedhas.
  1341 | D:2      | Found a hide-covered altar of Uskayaw.
  1767 | D:3      | Reached XP level 5. HP: 34/42 MP: 5/5
  1933 | D:3      | Noticed Jessica
  1945 | D:3      | Killed Jessica
  2153 | D:3      | Reached skill level 1 in Dodging
  2223 | D:3      | Found a shattered altar of Ashenzari.
  2301 | D:3      | Reached skill level 5 in Shields
  2301 | D:3      | Reached XP level 6. HP: 49/49 MP: 6/6
  2532 | D:4      | Found a shattered altar of Ashenzari.
  2789 | D:4      | Gained mutation: You have large cloven feet. [potion of
                  | mutation]
  2789 | D:4      | Gained mutation: Your spells are a little harder to cast,
                  | but a little more powerful. [potion of mutation]
  2845 | D:4      | Reached skill level 5 in Fighting
  3073 | D:4      | Found a bloodstained altar of Trog.
  3079 | D:4      | Became a worshipper of Trog the Wrathful
  3367 | D:5      | Entered Level 5 of the Dungeon
  3379 | D:5      | Noticed an ogre
  3385 | D:5      | Killed an ogre
  3385 | D:5      | Reached XP level 7. HP: 43/56 MP: 7/7
  3441 | D:5      | Reached skill level 6 in Shields
  3562 | D:5      | Reached skill level 5 in Axes
  3562 | D:5      | Reached XP level 8. HP: 6/62 MP: 8/8
  3565 | D:5      | You fall through a shaft for 2 floors!
  3567 | D:7      | HP: 3/62 [poisoned by an orc warrior]
  3573 | D:7      | HP: 2/62 [poisoned by an orc warrior]
  3581 | D:7      | HP: 2/62 [poisoned by an orc warrior]
  3918 | D:6      | Found a staircase to the Ecumenical Temple.
  4154 | D:6      | Noticed Blork the orc
  4166 | D:6      | Killed Blork the orc
  4189 | D:5      | Reached * piety under Trog
  5061 | D:6      | Found an opulent altar of Gozag.
  5069 | D:6      | You fall through a shaft for 3 floors!
  5379 | D:9      | Reached skill level 7 in Shields
  5380 | D:9      | Slain by a killer bee

Skill      XL: |  1  2  3  4  5  6  7  8 |
---------------+-------------------------+-----
Shields        | 4 5 6 7 |  7.0
Fighting       | 4 5 |  5.6
Axes           | 3 4 5 6 |  6.3
Dodging        | 1 2 |  2.7
Armour         | 4 |  4.9
Stealth        | |  0.3

Action                   |  1- 3 |  4- 6 |  7- 9 || total
-------------------------+-------+-------+-------++-------
Melee: War axe           |    88 |   223 |   152 ||   463
 Abil: Shaft Self        |       |       |     2 ||     2
  Use: Scroll            |       |     6 |     6 ||    12
       Potion            |       |     6 |     2 ||     8
  Eat: Ration            |       |     3 |     1 ||     4
       Chunk             |       |     1 |     1 ||     2
Armor: Scale mail        |    42 |    81 |    45 ||   168
Dodge: Dodged            |    36 |   147 |   110 ||   293
Block: Shield            |    65 |   134 |   132 ||   331
